 Dungeon Crawl Stone Soup version 0.27-a0-1325-g58a489ad9e (webtiles) character file.

Game seed: 15868840937984834257

89930 lampshaded the Severer (level 15, -7/138 HPs)
             Began as a Minotaur Fighter on Nov 16, 2020.
             Was the Champion of Okawaru.
             Mangled by a ghoul (21 damage)
             ... on level 1 of the Swamp on June 25, 2021.
             The game lasted 01:20:40 (32328 turns).

lampshaded the Severer (Minotaur Fighter)          Turns: 32328, Time: 01:20:41

Health: -7/138     AC: 22    Str: 27    XL:     15   Next: 50%
Magic:  18/20      EV: 14    Int:  5    God:    Okawaru [******]
Gold:   1965       SH: 25    Dex: 10    Spells: 14/14 levels left

rFire    + . .     SeeInvis +   a - +1 war axe of the Evening {flame, rF+ rC++}
rCold    + + .     Faith    +   N - +2 tower shield {rN+}
rNeg     + . .     Spirit   .   i - +6 scale mail "Caabutzi" {Harm}
rPois    +         Reflect  .   J - +2 hat {SInv}
rElec    .         Harm     +   Q - scarf {shadows}
rCorr    .         Rampage  .   v - +0 pair of gloves
Will     +....                  B - +0 pair of boots
Stlth    +.........             D - amulet of faith
HPRegen  0.33/turn              u - ring of see invisible
MPRegen  0.17/turn              Y - ring of poison resistance

@: heroic
A: horns 2, retaliatory headbutt
a: Renounce Religion, Heroism, Finesse


You were on level 1 of the Swamp.
You worshipped Okawaru.
Okawaru was exalted by your worship.
You visited 5 branches of the dungeon, and saw 25 of its levels.
You also visited: Bailey.

You collected 1965 gold pieces.

Inventory:

Hand Weapons
 a - the +1 war axe of the Evening (weapon) {flame, rF+ rC++}
   (Okawaru gifted it to you on level 14 of the Dungeon)

   It has been specially enchanted to burn those struck by it, causing extra
   injury to most foes and up to half again as much damage against particularly
   susceptible opponents.
   Big, fiery blades are also staple armaments of hydra-hunters.
   It protects you from fire.
   It greatly protects you from cold.
Armour
 b - the +3 ring mail of Duidipt {Contam rC+ Regen+ rCorr Str+5}
   (Okawaru gifted it to you on level 15 of the Dungeon)

   It affects your strength (+5).
   It protects you from cold.
   It causes magical contamination when unequipped.
   It increases your rate of health regeneration.
   It protects you from acid and corrosion.
 i - the +6 scale mail "Caabutzi" (worn) {Harm}
   (Okawaru gifted it to you on level 14 of the Dungeon)

   It increases damage dealt and taken.
 v - a +0 pair of gloves (worn)
 B - a +0 pair of boots (worn)
 J - a +2 hat of see invisible (worn)
 N - a +2 tower shield of positive energy (worn)
 Q - a scarf of shadows (worn)
Magical Staves
 c - a staff of earth {unknown}
 C - a staff of air {unknown}
 V - a staff of cold {unknown}
Jewellery
 h - an amulet of reflection
 u - a ring of see invisible (left hand)
 y - an amulet of guardian spirit {unknown}
 A - a ring of fire
 D - an amulet of faith (around neck)
 W - a ring of positive energy
 Y - a ring of poison resistance (right hand)
Wands
 q - a wand of iceblast (35) (quivered)
 w - a wand of flame (39)
 E - a wand of polymorph (8)
 L - a wand of paralysis (24)
 O - a wand of removedness (22)
Scrolls
 d - 2 scrolls of acquirement {unknown}
 g - 2 scrolls of magic mapping
 l - 6 scrolls of fog
 m - a scroll of blinking
 n - 5 scrolls of fear
 s - 3 scrolls of immolation
 t - 3 scrolls of enchant weapon
 G - 2 scrolls of silence
 I - a scroll of brand weapon
 P - 5 scrolls of teleportation
 R - a scroll of holy word
 Z - 3 scrolls of enchant armour
Potions
 e - 4 potions of haste
 j - 5 potions of resistance {unknown}
 k - a potion of flight {unknown}
 o - a potion of ambrosia
 p - 3 potions of curing
 r - 3 potions of attraction
 x - 2 potions of magic
 z - 4 potions of invisibility
 F - 3 potions of cancellation
 H - a potion of mutation
 K - 2 potions of berserk rage
 M - 2 potions of heal wounds
Miscellaneous
 f - a tin of tremorstones (2/2)
 U - a condenser vane


   Skills:
 + Level 14.1(19.1) Fighting
 - Level 16.0(21.0) Axes
 + Level 14.2(19.2) Armour
 + Level 8.9(13.9) Dodging
 + Level 14.2(19.2) Shields
 - Level 9.0 Invocations
 - Level 6.0 Evocations


You had 14 spell levels left.
You didn't know any spells.
Your spell library contained the following spells:

 Spells                   Type           Power      Damage    Failure   Level
 Magic Dart               Conj           0%         1d3       88%         1
 Sandblast                Erth           0%         2d4       88%         1
 Shock                    Conj/Air       0%         1d3       88%         1
 Sting                    Tmut/Pois      0%         1d3       88%         1
 Blink                    Tloc           N/A        N/A       95%         2
 Call Imp                 Summ           0%         N/A       95%         2
 Passwall                 Tmut/Erth      0%         N/A       95%         2
 Poisonous Vapours        Pois/Air       0%         N/A       95%         2
 Searing Ray              Conj           0%         3d3       95%         2
 Slow                     Hex            0%         N/A       95%         2
 Static Discharge         Conj/Air       0%         N/A       95%         2
 Conjure Flame            Conj/Fire      0%         6-21      99%         3
 Dazzling Flash           Conj/Hex       0%         N/A       99%         3
 Ignite Poison            Fire/Tmut/Pois 0%         N/A       99%         3
 Mephitic Cloud           Conj/Pois/Air  0%         N/A       99%         3
 Stone Arrow              Conj/Erth      0%         3d7       99%         3
 Swiftness                Air            0%         N/A       99%         3
 Airstrike                Air            0%         N/A       100%        4
 Animate Dead             Necr           0%         N/A       100%        4
 Fulminant Prism          Conj/Hex       0%         3d6       100%        4
 Iskenderun's Mystic Bla  Conj/Tloc      0%         2d3       100%        4
 Leda's Liquefaction      Hex/Erth       0%         N/A       100%        4
 Olgreb's Toxic Radiance  Pois           0%         N/A       100%        4
 Passage of Golubria      Tloc           N/A        N/A       100%        4
 Petrify                  Tmut/Erth      0%         N/A       100%        4
 Bolt of Magma            Conj/Fire/Erth 0%         4d4       100%        5
 Borgnjor's Vile Clutch   Necr/Erth      0%         N/A       100%        5
 Freezing Cloud           Conj/Ice/Air   0%         6-21      100%        5
 Iskenderun's Battlesphe  Conj           0%         2d6       100%        5
 Lee's Rapid Deconstruct  Erth           0%         3d5*      100%        5
 Lightning Bolt           Conj/Air       0%         1d11      100%        5
 Silence                  Hex/Air        0%         N/A       100%        5
 Death Channel            Necr           0%         N/A       100%        6
 Invisibility             Hex            0%         N/A       100%        6
 Iron Shot                Conj/Erth      0%         9d1       100%        6
 Simulacrum               Ice/Necr       0%         N/A       100%        6
 Orb of Destruction       Conj           0%         N/A       100%        7
 Spellforged Servitor     Conj/Summ      0%         N/A       100%        7
 Discord                  Hex            0%         N/A       100%        8


Dungeon Overview and Level Annotations

Branches:
Dungeon (15/15)            Temple (1/1) D:5            Lair (6/6) D:10
  Swamp (1/4) Lair:3        Snake (0/4) Lair:4        Slime (0/5) Lair:5
    Orc (2/2) D:9          Vaults (0/5) D:13         Depths (0/5) D:15
 Bailey (visited)
    Elf: Orc:2

Altars:
Ashenzari
Cheibriados
Dithmenos
Elyvilon
Fedhas
Gozag
Hepliaklqana
Kikubaaqudgha
Makhleb
Nemelex Xobeh
Okawaru
Qazlal
Ru
Sif Muna
Trog
Uskayaw
Vehumet
Wu Jian
Xom
Yredelemnul
Zin
The Shining One
Beogh
Jiyva

Shops:
D:6 (   D:10 (   D:12 [

Annotations:
D:12 3 runed translucent doors, Wioc's ghost, journeyman OpEE
Lair:3 exclusion: 2 oklob plants
Orc:2 Azrael


Innate Abilities, Weirdness & Mutations

You have a pair of horns on your head.
You reflexively headbutt those who attack you in melee.


Message History

You furiously retaliate!
You headbutt the ghoul.
The ghoul splashes around in the water.
The ghoul claws you! The ghoul claws you but does no damage.
You closely miss the ghoul.
You headbutt the ghoul, but do no damage.
The ghoul is moderately damaged.
You barely miss the ghoul. You closely miss the ghoul. You hit the ghoul.
You burn the ghoul. The ghoul claws you but does no damage.
You block the ghoul's attack. x2; The ghoul barely misses you.
You block the ghoul's attack. The ghoul claws you. The ghoul claws you!
The ghoul claws you but does no damage.
You slice the ghoul!! You burn the ghoul!
The ghoul is severely damaged.
You slash the ghoul! You burn the ghoul. You hit the ghoul. You burn the ghoul.
You slash the ghoul! You burn the ghoul! The ghoul claws you!
* * * LOW HITPOINT WARNING * * *
The ghoul closely misses you. The ghoul claws you but does no damage.
You block the ghoul's attack. The ghoul closely misses you.
The ghoul claws you!!
* * * LOW HITPOINT WARNING * * *
The ghoul claws you!
* * * LOW HITPOINT WARNING * * *
The ghoul splashes around in the water.
You feel much better.
You gain the combat prowess of a mighty hero.
The ghoul claws you but does no damage. You block the ghoul's attack.
The ghoul claws you.
* * * LOW HITPOINT WARNING * * *
You block the ghoul's attack.
You slice the ghoul!! You burn the ghoul.
The ghoul is severely damaged.
You hit the ghoul. You burn the ghoul. You hit the ghoul. You burn the ghoul.
You block the ghoul's attack. The ghoul closely misses you.
You block the ghoul's attack. The ghoul claws you.
* * * LOW HITPOINT WARNING * * *
You barely miss the ghoul.
The ghoul is severely damaged.
You slash the ghoul! You burn the ghoul. You hit the ghoul. You burn the ghoul.
You block the ghoul's attack. x2; The ghoul claws you!!
You die...

♣♣♣ ♣.
♣..♣♣♣♣.≈≈≈
..♣≈♣≈....
♣♣≈........
♣..≈§.≈≈≈..
♣≈.≈≈≈≈≈≈≈≈
♣♣.@nn.≈≈≈§≈
≈♣..nn.≈≈§≈≈≈
.≈≈.≈≈≈†≈≈≈≈≈≈
..≈§≈≈≈≈<≈≈≈≈≈≈
.≈≈≈≈≈≈≈...≈≈≈≈
.≈§≈≈≈≈....≈≈≈≈
.....≈≈.≈^≈≈≈≈.
♣♣♣♣♣♣...≈≈≈≈.
♣♣♣.≈≈≈≈.


You could see 4 ghouls.

Vanquished Creatures
  Gastronok (D:10)
  A frost giant (D:15)
  Louise (D:14)
  An ironbound preserver (D:13)
  Snorg (Lair:3)
  6 hydras
  A fire dragon (Lair:6)
  A catoblepas (Lair:2)
  3 boulder beetles
  An ogre mage (D:14)
  6 two-headed ogres
  5 centaur warriors
  2 tengu warriors
  The ghost of Schnaeble the Cleaver, a novice MiBe of Trog (D:6)
  Nergalle (Lair:4)
  An orc high priest (Orc:1)
  4 skeletal warriors (D:15)
  An unseen horror (D:14)
  A wizard (D:15)
  A glowing orange brain (shapeshifter) (D:15)
  A swamp dragon (Lair:6)
  2 bog bodies
  A wolf spider zombie (D:15)
  4 manticores
  15 ugly things
  4 cyclopes
  3 deep elf pyromancers
  4 elephants
  8 black mambas
  A gargoyle (D:15)
  5 centaur skeletons
  2 kobold demonologists
  18 cane toads
  6 rime drakes
  9 komodo dragons
  A yaktaur (D:15)
  A tengu conjurer (D:15)
  2 trolls
  10 polar bears
  Prince Ribbit (D:5)
  4 dream sheep (Lair:6)
  A meliai zombie (D:13)
  2 raiju (Lair:6)
  4 slime creatures
  4 wraiths
  2 shadows
  2 water elementals (D:14)
  2 vampires
  7 wyverns
  35 yaks
  3 basilisks
  2 steam dragons (Lair:6)
  A fire elemental (Orc:1)
  13 vampire mosquitoes
  A swamp worm (shapeshifter) (D:15)
  2 acid dragons
  3 swamp worms (Lair:3)
  8 wargs
  15 hell hounds
  3 removed soldier ants
  26 water moccasins
  A hornet zombie (D:15)
  18 orc warriors
  3 ice beasts
  2 phantoms
  6 sky beasts
  15 black bears
  A removed eye of draining (D:12)
  23 wolves
  A necrophage (D:7)
  9 centaurs
  13 ogres
  A kobold brigand (D:14)
  32 bullfrogs
  A wyvern skeleton (D:14)
  6 scorpions
  8 killer bees
  13 wights
  11 electric eels
  A quasit (D:12)
  2 bullfrog zombies
  5 hounds
  12 orc wizards
  17 orc priests
  5 jellies
  2 bullfrog skeletons
  4 centaur zombies
  6 iguanas
  2 hell rats (Lair:1)
  14 removed worker ants
  A hound skeleton (D:6)
  A removed worker ant zombie (D:8)
  A howler monkey zombie (D:10)
  19 adders
  4 river rats (Lair:1)
  A shadow imp (D:7)
  5 white imps
  An ufetubus (D:8)
  3 worms
  3 adder skeletons (D:4)
  116 orcs
  5 removed leopard geckos
  5 bats
  3 giant cockroaches
  13 goblins
  10 hobgoblins
  11 jackals
  21 kobolds
  2 quokkas
  2 ball pythons
  3 frilled lizards
  A jackal zombie (D:7)
  2 quokka skeletons
  11 rats
  2 removed leopard gecko skeletons
758 creatures vanquished.

Vanquished Creatures (others)
  39 fungi
  116 plants
155 creatures vanquished.

Grand Total: 913 creatures vanquished

Notes
Turn   | Place    | Note
-------+----------+-------------------------------------------
     0 | D:1      | lampshaded the Minotaur Fighter began the quest for the
                  | Orb.
     0 | D:1      | Reached XP level 1. HP: 19/19 MP: 0/0
   291 | D:1      | Reached skill level 3 in Axes
   553 | D:1      | Reached XP level 2. HP: 22/26 MP: 1/1
   760 | D:2      | Found a shadowy altar of Dithmenos.
   762 | D:2      | Found an opulent altar of Gozag.
   771 | D:2      | Reached skill level 4 in Axes
   873 | D:2      | Reached XP level 3. HP: 23/31 MP: 2/2
  1364 | D:2      | Found a white marble altar of Elyvilon.
  1759 | D:3      | Found an iron altar of Okawaru.
  1767 | D:3      | Became a worshipper of Warmaster Okawaru
  1858 | D:3      | Reached skill level 5 in Axes
  1858 | D:3      | Reached XP level 4. HP: 33/39 MP: 3/3
  2274 | D:3      | Reached skill level 1 in Invocations
  2469 | D:3      | Identified the Grimoire of Glamour
  2648 | D:4      | Reached skill level 6 in Axes
  2648 | D:4      | Reached XP level 5. HP: 17/45 MP: 5/5
  3170 | D:4      | Reached skill level 7 in Axes
  3170 | D:4      | Reached XP level 6. HP: 51/51 MP: 6/6
  3823 | D:5      | Entered Level 5 of the Dungeon
  4161 | D:5      | Found a staircase to the Ecumenical Temple.
  4179 | Temple   | Entered the Ecumenical Temple
  4531 | D:5      | Noticed Prince Ribbit
  4541 | D:5      | Reached * piety under Okawaru
  4548 | D:5      | Reached skill level 8 in Axes
  4548 | D:5      | Reached XP level 7. HP: 27/57 MP: 8/8
  4564 | D:5      | Killed Prince Ribbit
  4936 | D:6      | Reached skill level 9 in Axes
  5074 | D:6      | Found the +4 moon troll leather armour {Spirit, Regen++
                  | MP+5}
  5197 | D:6      | Reached ** piety under Okawaru
  5198 | D:6      | Reached XP level 8. HP: 66/66 MP: 10/10
  5304 | D:6      | Reached skill level 10 in Axes
  5456 | D:6      | Found Weirhuo's Weapon Shoppe.
  5488 | D:6      | Reached skill level 5 in Invocations
  5609 | D:6      | Found a runed translucent door.
  5609 | D:6      | Noticed Schnaeble's ghost (novice MiBe)
  6267 | D:7      | Reached *** piety under Okawaru
  6268 | D:7      | Reached skill level 5 in Armour
  6268 | D:7      | Reached skill level 5 in Shields
  6274 | D:7      | Reached skill level 5 in Fighting
  6274 | D:7      | Reached XP level 9. HP: 69/73 MP: 12/12
  6603 | D:7      | Found a sacrificial altar of Ru.
  6662 | D:7      | Reached skill level 11 in Axes
  6722 | D:7      | Found a bloodstained altar of Trog.
  7294 | D:8      | Found a flagged portal.
  7311 | Bailey   | Entered a bailey
  7370 | Bailey   | Reached **** piety under Okawaru
  7868 | D:8      | Found an opulent altar of Gozag.
  8039 | D:9      | Found a broken altar of Ashenzari.
  8411 | D:9      | Received a gift from Okawaru
  8412 | D:9      | Reached skill level 12 in Axes
  8463 | D:9      | Reached XP level 10. HP: 35/84 MP: 10/13
  8697 | D:9      | Found a staircase to the Orcish Mines.
  9807 | D:9      | Noticed a manticore
  9821 | D:9      | Killed a manticore
 10408 | D:9      | Found a roughly hewn altar of Beogh.
 11062 | D:9      | Reached skill level 13 in Axes
 11386 | D:10     | Entered Level 10 of the Dungeon
 11386 | D:10     | Found a staircase to the Lair.
 11386 | D:10     | Noticed an elephant
 11398 | D:9      | Received a gift from Okawaru
 11491 | D:10     | Killed an elephant
 11687 | D:10     | Found Arosipto's Weapon Shoppe.
 11703 | D:10     | Identified the cursed +2 shortbow "Sasejar" {freeze, rN+}
 11960 | D:10     | Reached XP level 11. HP: 73/94 MP: 15/15
 12006 | D:10     | Noticed a two-headed ogre
 12106 | D:10     | Found a hide-covered altar of Uskayaw.
 12688 | Orc:1    | Entered Level 1 of the Orcish Mines
 12688 | Orc:1    | Noticed an orc high priest
 12964 | D:10     | Killed a two-headed ogre
 12964 | D:10     | Reached ***** piety under Okawaru
 13304 | D:10     | Found a snail-covered altar of Cheibriados.
 13359 | D:10     | Noticed Gastronok
 13372 | D:10     | Killed Gastronok
 13373 | D:10     | Reached skill level 14 in Axes
 13676 | D:11     | Noticed a two-headed ogre
 13682 | D:11     | Killed a two-headed ogre
 13711 | Lair:1   | Entered Level 1 of the Lair of Beasts
 13834 | Lair:1   | Noticed a five-headed hydra
 14103 | D:11     | Noticed a green ugly thing
 14108 | D:11     | Noticed a seven-headed hydra
 14974 | D:6      | Killed Schnaeble's ghost
 14975 | D:6      | Reached skill level 1 in Evocations
 15086 | D:9      | Killed a green ugly thing
 15086 | D:9      | Received a gift from Okawaru
 15260 | D:9      | Killed an 11-headed hydra
 15783 | Lair:1   | Reached ****** piety under Okawaru
 15784 | Lair:1   | Reached XP level 12. HP: 80/104 MP: 17/17
 16762 | Lair:2   | Reached skill level 15 in Axes
 16860 | Lair:2   | Received a gift from Okawaru
 16968 | Lair:2   | Noticed a catoblepas
 17029 | Lair:2   | Killed a catoblepas
 17093 | Lair:2   | Reached skill level 10 in Armour
 17241 | Lair:2   | Reached skill level 10 in Shields
 18501 | Lair:3   | Reached skill level 10 in Fighting
 19072 | Lair:3   | Found a staircase to the Swamp.
 19236 | Lair:4   | Noticed Snorg
 19619 | Lair:4   | Noticed Nergalle
 19624 | Lair:4   | Killed Nergalle
 19682 | Lair:4   | Noticed a seven-headed hydra
 19928 | Lair:4   | Reached XP level 13. HP: 114/114 MP: 18/18
 19954 | Lair:4   | HP: 4/114 [11-headed hydra (5)]
 20907 | D:12     | Reached skill level 16 in Axes
 21109 | D:12     | Received a gift from Okawaru
 21169 | D:12     | Found Leocaeh's Armour Shoppe.
 21804 | D:12     | Reached skill level 5 in Evocations
 22128 | D:12     | Found a runed translucent gate.
 22130 | D:12     | Found a runed translucent gate.
 22131 | D:12     | Found a runed translucent gate.
 22133 | D:12     | Noticed Wioc's ghost (journeyman OpEE)
 22314 | D:13     | Reached skill level 1 in Dodging
 22826 | D:13     | Found a gate to the Vaults.
 22826 | D:13     | Noticed an ironheart preserver
 22836 | D:13     | Killed an ironheart preserver
 23780 | Lair:4   | Found a staircase to the Snake Pit.
 24030 | Lair:4   | Received a gift from Okawaru
 24841 | Lair:5   | Found a staircase to the Slime Pits.
 24843 | Lair:5   | Found a viscous altar of Jiyva.
 25228 | Lair:6   | Entered Level 6 of the Lair of Beasts
 25235 | Lair:6   | Reached XP level 14. HP: 104/125 MP: 19/19
 26016 | Lair:6   | Reached skill level 5 in Dodging
 26042 | Lair:6   | Received a gift from Okawaru
 27576 | Lair:3   | Killed Snorg
 27794 | D:14     | Received a gift from Okawaru
 27796 | D:14     | Got a bloodstained war axe {god gift}
 27797 | D:14     | Identified the +1 war axe of the Evening {flame, rF+ rC++}
                  | (Okawaru gifted it to you on level 14 of the Dungeon)
 28897 | D:14     | Received a gift from Okawaru
 28900 | D:14     | Reached XP level 15. HP: 102/136 MP: 17/20
 28900 | D:14     | Got a brightly glowing scale mail {god gift}
 29106 | D:14     | Noticed Louise
 29146 | D:14     | Killed Louise
 29273 | D:14     | Identified the +6 scale mail "Caabutzi" {Harm} (Okawaru
                  | gifted it to you on level 14 of the Dungeon)
 30140 | D:15     | Entered Level 15 of the Dungeon
 30744 | D:15     | Received a gift from Okawaru
 30745 | D:15     | Got a distressingly furry ring mail {god gift}
 30863 | D:15     | Noticed a frost giant
 30874 | D:15     | Killed a frost giant
 30938 | D:15     | Found a staircase to the Depths.
 31053 | D:15     | Identified the +3 ring mail of Duidipt {*Contam rC+ Regen+
                  | rCorr Str+5} (Okawaru gifted it to you on level 15 of the
                  | Dungeon)
 31530 | Orc:1    | Upgraded the game from 0.26-a0-831-g7192265339 to
                  | 0.26-a0-834-g69557b85cc
 31667 | Orc:2    | Entered Level 2 of the Orcish Mines
 31671 | Orc:2    | Found a roughly hewn altar of Beogh.
 31691 | Orc:2    | Upgraded the game from 0.26-a0-834-g69557b85cc to
                  | 0.27-a0-1325-g58a489ad9e
 31838 | Orc:2    | Noticed Azrael
 32307 | Swamp:1  | Entered Level 1 of the Swamp
 32322 | Swamp:1  | HP: 2/138 [ghoul (14)]
 32328 | Swamp:1  | Mangled by a ghoul

Illustrated notes

Levels and vault maps discovered:
D:1:      lemuel_arrival_cross, layout_loops_ring
D:2:      layout_loops_cross, chequers_temple_overflow_statue_of_worship,
          lemuel_round_altar, nrook_uturn
D:3:      minmay_octagon_keep, layout_basic, kennysheep_okawaru_gauntlet,
          serial_undead, serial_undead_d, serial_undead_b, serial_undead_c,
          serial_undead_b
D:4:      layout_gridville
D:5:      layout_cave_pools, minmay_temple_entry_statues_pillars,
          uniq_prince_ribbit1
D:6:      layout_cave_pods, hellmonk_ghost_happy_afterlife,
          kennysheep_small_circle
D:7:      layout_cave_pools, nicolae_ru_sacrificial_ziggurat,
          lightli_temple_of_fire
D:8:      layout_loops_ring, basic_altar, enter_bailey_4
D:9:      layout_basic, ashenzari_conservatory_becter, hiddenorc2_lemuel,
          special_room [special_room_orc], chequers_serial_rivers_micro_d,
          serial_bayou_lagoon_b
D:10:     layout_irregular_city, david_lair_generic, serial_shops, shop,
          basic_altar, cheibriados_altar_1, uniq_gastronok
D:11:     layout_loops_cross, minmay_starry_boxes
D:12:     wad_cavern_with_rooms, layout_basic, serial_shops, shop,
          gammafunk_ghost_spectres, grunt_ministairs_8, bh_walls_and_bars
D:13:     layout_rooms, skrybe_vaults_entry_preservation
D:14:     layout_basic, minivault_27, kennysheep_small_spiral, uniq_louise
D:15:     grunt_enter_depths_snipers, layout_irregular_city,
          minmay_fountain_box, chequers_serial_rivers_large_a
Temple:   regret_index_temple_generic_petals
Lair:1:   layout_chaotic_city, kennysheep_abandoned_house, serial_bayou_shore_b
Lair:2:   layout_chaotic_city, minivault_19, chequers_serial_rivers_room_a
Lair:3:   layout_regular_city, nicolae_swamp_entry_splash_gauntlet,
          serial_bayou_shore_b, grunt_megastairs_2, lemuel_fruit_tree,
          serial_bayou_shore_b, minmay_lair_oklob_chamber,
          infiniplex_staircase_pool
Lair:4:   layout_roguey, minmay_snake_entry_six_corridors, serial_bayou_shore_b,
          serial_bayou_shore_a, grunt_megastairs_4, uniq_snorg, uniq_nergalle
Lair:5:   layout_cave_shapes, slime_altar_1
Lair:6:   guppyfry_lair_end_dragon, layout_long_grid,
          hangedman_lair_caniforms_friends
Swamp:1:  layout_basic_swamp, evilmike_swamp_ruin_rubble_2,
          hangedman_swamp_diagram
Orc:1:    layout_caves, serial_shops, shop, uniq_jorgrun
Orc:2:    grunt_orc_community_town_hall, layout_caves,
          grunt_orc_community_big_house_2, grunt_orc_community_big_house_2,
          grunt_orc_community_house_2, grunt_orc_community_house_1,
          grunt_orc_community_house_3, grunt_orc_community_house_3,
          grunt_orc_community_house_2, grunt_orc_community_house_2, basic_altar,
          serial_shops, shop, uniq_azrael

Skill      XL: |  1  2  3  4  5  6  7  8  9 10 11 12 13 14 15 |
---------------+----------------------------------------------+-----
Axes           | 3 4 5 6 7 8 9 10 12 13 14 15 16 | 16.0
Invocations    | 1 2 3 4 5 6 7 8 9 |  9.0
Armour         | 5 6 8 9 10 12 13 14 | 14.2
Fighting       | 5 6 7 9 10 11 13 14 | 14.1
Shields        | 5 6 7 9 10 11 13 14 | 14.2
Evocations     | 1 4 6 |  6.0
Dodging        | 4 7 8 |  8.9

Action                   |  1- 3 |  4- 6 |  7- 9 | 10-12 | 13-15 || total
-------------------------+-------+-------+-------+-------+-------++-------
Melee: War axe           |    59 |   144 |   291 |   716 |  1112 ||  2322
       Headbutt          |     8 |    13 |    62 |   131 |   223 ||   437
       Long sword        |       |       |       |       |    19 ||    19
Invok: Heroism           |       |       |     5 |    17 |    15 ||    37
Evoke: Wand              |       |       |       |     2 |     3 ||     5
       Tin of tremorston |       |       |       |     1 |       ||     1
  Use: Potion            |       |     1 |     3 |     1 |     2 ||     7
       Scroll            |       |       |    14 |    12 |     8 ||    34
Armor: Scale mail        |    26 |    56 |     5 |       |    63 ||   150
       Plate armour      |       |       |   137 |   315 |   318 ||   770
Dodge: Dodged            |    20 |    30 |    73 |   126 |   205 ||   454
Block: Kite shield       |    34 |   126 |   315 |   213 |       ||   688
       Reflection        |       |       |   101 |       |       ||   101
       Tower shield      |       |       |       |   329 |  1063 ||  1392
       Rpst.: Long sword |       |       |       |       |     2 ||     2

Table legend: (Time is in decaauts)
 A = Elapsed time spent in this place.
 B = Non-inter-level travel time spent in this place.
 C = Inter-level travel time spent in this place.
 D = Time resting spent in this place.
 E = Time spent auto-exploring this place.
 F = Levels seen in this place.
 G = Mean time per level.
                   A        B        C        D        E       F      G
               +--------+--------+--------+--------+--------+-----+--------+
         Total |  32138 |  30244 |   1894 |   8206 |  16534 |  26 | 1236.1 |
       Dungeon |  22560 |  21128 |   1432 |   5945 |  11487 |  15 | 1504.0 |
        Temple |    226 |    204 |     22 |      0 |    204 |   1 |  226.0 |
          Lair |   8591 |   8177 |    414 |   2067 |   4565 |   6 | 1431.8 |
         Swamp |     19 |     19 |      0 |      0 |      0 |   1 |   19.0 |
  Orcish Mines |    400 |    374 |     26 |      0 |    264 |   2 |  200.0 |
        Bailey |    339 |    339 |      0 |    194 |     13 |   1 |  339.0 |
               +--------+--------+--------+--------+--------+-----+--------+

Top non-repeatable levels by time:
     D:9: 4855 daAuts
    D:14: 2601 daAuts
  Lair:6: 2235 daAuts
    D:10: 2087 daAuts
  Lair:3: 1989 daAuts
    D:12: 1513 daAuts
     D:6: 1406 daAuts
     D:8: 1356 daAuts
  Lair:4: 1276 daAuts
     D:4: 1221 daAuts
    D:13: 1200 daAuts
  Lair:1: 1169 daAuts
  Lair:2: 1165 daAuts
     D:3: 1060 daAuts
    D:15: 1034 daAuts
